[Event "Titled Tuesday Blitz June 8 2021"]
[White "Kamsky, Gata"]
[Black "Bortnyk, Olexandr"]
[WhiteFideId "2000024"]
[BlackFideId "14120828"]
[WhiteElo "2644"]
[BlackElo "2723"]
[Result "1-0"]
[Round "09"]
[TimeControl "180+1"]
[Date "2021.06.08"]
[WhiteClock "0:00:20"]
[BlackClock "0:00:02"]

1. d4 Nf6 2. Nf3 d6 3. Bf4 g6 4. h3 Bg7 5. c3 O-O 6. Nbd2 c5 7. dxc5 dxc5 8. e4 Nc6 9. Be2 e5 10. Nxe5 Nxe5 11. Bxe5 Re8 12. Bh2 Qe7 13. O-O Nxe4 14. Nxe4 Qxe4 15. Bb5 Rf8 16. Re1 Qh4 17. Qd5 a6 18. Bf1 Be6 19. Qxb7 Rad8 20. Bg3 Qg5 21. Rad1 a5 22. Qb5 Rxd1 23. Rxd1 h5 24. Qxa5 h4 25. Bd6 Rc8 26. Kh1 Bf6 27. Qa4 Rd8 28. Bc7 Rd2 29. Rxd2 Qxd2 30. Qf4 Qe1 31. Qxf6 Qxf1+ 32. Kh2 Qd1 33. Be5 Kf8 34. Qh8+ Ke7 35. Bf6+ Kd6 36. Qd8+ Bd7 37. Qb8+ Kc6 38. Bxh4 Qa4 39. Bg3 Be6 40. Qc7+ Kd5 41. b3 Qxa2 42. c4+ Kd4 43. Qe5+ Kd3 44. Qxc5 Qxb3 45. Qd6+ Kxc4 46. Be5 Qb5 47. Qd4+ Kb3 48. Qc3+ Ka2 49. f3 Bc4 50. h4 Be6 51. g4 Qe2+ 52. Kg3 Kb1 53. h5 gxh5 54. gxh5 Bf5 55. h6 Bh7 56. Qa1+ Kc2 57. Qc3+ Kd1 58. Bf4 Qe1+ 59. Qxe1+ Kxe1 60. Be5 Ke2 61. f4 Ke3 62. Kg4 Ke4 63. Kg5 1-0


[Site "https://www.chess.com"]

[Event "Titled Tuesday Blitz June 8 2021"]
[White "Khusnutdinov, Rustam"]
[Black "Nguyen, Quoc Hy"]
[WhiteFideId "13701703"]
[BlackFideId "12410853"]
[WhiteElo "2571"]
[BlackElo "1975"]
[Result "1-0"]
[Round "09"]
[TimeControl "180+1"]
[Date "2021.06.08"]
[WhiteClock "0:00:08"]
[BlackClock "0:00:06"]

1. d4 d5 2. c4 c6 3. Nf3 Nf6 4. Nc3 e6 5. e3 Nbd7 6. Be2 Bd6 7. O-O O-O 8. b3 b6 9. Bb2 Bb7 10. Qc2 Qe7 11. Rad1 Rac8 12. Rfe1 Rfd8 13. Bf1 h6 14. e4 dxe4 15. Nxe4 Nxe4 16. Qxe4 Nf6 17. Qh4 Nh7 18. Qxe7 Bxe7 19. g3 c5 20. Bg2 Bxf3 21. Bxf3 Bf6 22. h4 cxd4 23. Re4 e5 24. Bg4 Rb8 25. Kg2 Nf8 26. f4 exf4 27. Rxf4 Ne6 28. Re4 Nc5 29. Rf4 Ne6 30. Re4 Nc5 31. Rf4 Be5 32. Rf5 f6 33. h5 Ne4 34. Bf3 Nc3 35. Rd2 Rbc8 36. Kf1 b5 37. cxb5 Nxb5 38. Be2 Nc3 39. Bc4+ Kh8 40. Rf3 Nxa2 41. Bxd4 Rxd4 42. Rxa2 Rc7 43. Ra6 Rd8 44. Re6 Rb8 45. Rd3 Rcc8 46. Kg2 a5 47. Ra6 Ra8 48. Rxa8 Rxa8 49. g4 Kh7 50. Bf7 Kh8 51. Kf3 Rb8 52. Ke4 Ra8 53. Kf5 Kh7 54. Rd7 Rb8 55. Bc4 Rc8 56. Ke6 a4 57. Bd3+ Kg8 58. bxa4 Ra8 59. Bb5 Re8+ 60. Kf5 Bc3 61. Kg6 f5 62. Bc4+ Kh8 63. gxf5 Ra8 64. Be6 Rf8 65. Bf7 Ra8 66. Rc7 Ra6+ 67. Be6 Ra8 68. Rxc3 1-0


[Site "https://www.chess.com"]

[Event "Titled Tuesday Blitz June 8 2021"]
[White "Moroni, Luca Jr"]
[Black "Demchenko, Anton"]
[WhiteFideId "865834"]
[BlackFideId "4160258"]
[WhiteElo "2491"]
[BlackElo "2593"]
[Result "0-1"]
[Round "09"]
[TimeControl "180+1"]
[Date "2021.06.08"]
[WhiteClock "0:00:03"]
[BlackClock "0:00:55"]

1. d4 Nf6 2. c4 d6 3. Nf3 Nc6 4. d5 Ne5 5. Nxe5 dxe5 6. Nc3 e6 7. g3 Bc5 8. Bg2 O-O 9. O-O h6 10. Qc2 exd5 11. cxd5 a6 12. a3 Bd7 13. b4 Bd6 14. Bb2 a5 15. b5 b6 16. a4 Qe7 17. Rac1 Rae8 18. e3 Bc8 19. Ne4 Nxe4 20. Qxe4 f5 21. Qd3 Bd7 22. f4 exf4 23. exf4 Qe3+ 24. Qxe3 Rxe3 25. Be5 Rxe5 26. fxe5 Bxe5 27. Rfe1 Bd6 28. Rc4 Rf7 29. Bh3 g6 30. Kg2 h5 31. Kg1 Kg7 32. Bg2 Kf6 33. Rc2 g5 34. Rf1 g4 35. Re1 Kg5 36. Rce2 h4 37. gxh4+ Kxh4 38. Re6 Kg5 39. Bf1 Rh7 40. R1e2 Bxe6 41. dxe6 f4 42. Rd2 f3 43. Bd3 Re7 44. Bc4 Kf5 45. Kf1 Ke4 46. Bb3 Ke3 47. Rc2 Rh7 48. Rc3+ Kf4 49. Rc4+ Kg5 50. Rc2 Kf6 51. Kg1 Bc5+ 52. Kh1 g3 0-1


[Site "https://www.chess.com"]

[Event "Titled Tuesday Blitz June 8 2021"]
[White "Nesterov, Arseniy"]
[Black "Weetik, Vjacheslav"]
[WhiteFideId "24198455"]
[BlackFideId "4153472"]
[WhiteElo "2441"]
[BlackElo "2469"]
[Result "1-0"]
[Round "09"]
[TimeControl "180+1"]
[Date "2021.06.08"]
[WhiteClock "0:00:40"]
[BlackClock "0:00:01"]

1. d4 d5 2. c4 e6 3. Nf3 c6 4. g3 Bd6 5. Bg2 f5 6. O-O Nf6 7. Nbd2 O-O 8. Ne1 b6 9. Nd3 Bb7 10. b4 Nbd7 11. c5 Bc7 12. Nf3 Ne4 13. Qc2 a5 14. b5 bxc5 15. dxc5 e5 16. Bb2 Qe7 17. Rac1 Rac8 18. Qa4 Bb8 19. Qxa5 d4 20. bxc6 Bxc6 21. Nb4 Ndxc5 22. Nxc6 Rxc6 23. Nd2 Rfc8 24. Nxe4 fxe4 25. Ba3 Bd6 26. Bxe4 Nxe4 27. Rxc6 Rxc6 28. Qd5+ Qf7 29. Qxc6 Bxa3 30. Qxe4 Qxa2 31. Qxe5 1-0


[Site "https://www.chess.com"]

[Event "Titled Tuesday Blitz June 8 2021"]
[White "Pap, Gyula"]
[Black "Perez Ponsa, Federico"]
[WhiteFideId "725323"]
[BlackFideId "117927"]
[WhiteElo "2562"]
[BlackElo "2672"]
[Result "1-0"]
[Round "09"]
[TimeControl "180+1"]
[Date "2021.06.08"]
[WhiteClock "0:00:38"]
[BlackClock "0:00:05"]

1. c4 Nf6 2. Nc3 e5 3. Nf3 Nc6 4. e4 d6 5. d4 Bg4 6. d5 Ne7 7. Be2 g6 8. O-O Bg7 9. Ne1 Bd7 10. Nd3 O-O 11. c5 Ne8 12. Be3 f5 13. f3 f4 14. Bf2 g5 15. b4 Nf6 16. b5 b6 17. c6 Bc8 18. g4 h5 19. h3 a5 20. bxa6 Rxa6 21. a4 Ng6 22. a5 bxa5 23. Nb2 Ra8 24. Nc4 a4 25. Rxa4 Rxa4 26. Qxa4 hxg4 27. hxg4 Nxg4 28. fxg4 f3 29. Ne3 fxe2 30. Nxe2 Nf4 31. Ng3 Qf6 32. Nef5 Nh3+ 33. Kg2 Nf4+ 34. Kg1 Bh8 35. Be3 Kf7 36. Qa7 Qd8 37. Bb6 Kg6 38. Qxc7 Qxc7 39. Bxc7 Ba6 40. Ra1 Bd3 41. Bxd6 Rd8 42. c7 Rc8 43. Ne7+ 1-0


[Site "https://www.chess.com"]

[Event "Titled Tuesday Blitz June 8 2021"]
[White "Papasimakopoulos, Alexandros"]
[Black "Zubov, Alexander"]
[WhiteFideId "4244125"]
[BlackFideId "14109409"]
[WhiteElo "2352"]
[BlackElo "2740"]
[Result "0-1"]
[Round "09"]
[TimeControl "180+1"]
[Date "2021.06.08"]
[WhiteClock "0:00:17"]
[BlackClock "0:00:04"]

1. d4 Nf6 2. c4 g6 3. Nc3 d5 4. Nf3 Bg7 5. cxd5 Nxd5 6. e4 Nxc3 7. bxc3 c5 8. Bb5+ Nc6 9. d5 Qa5 10. Rb1 a6 11. Bxc6+ bxc6 12. dxc6 O-O 13. O-O Be6 14. Be3 Rac8 15. Rb7 Rfe8 16. Qc2 Bc4 17. Rfb1 Rxc6 18. Nd2 Be6 19. c4 Kf8 20. h3 Rd8 21. Rb8 Rcc8 22. Rxc8 Rxc8 23. Nb3 Qa4 24. Rc1 Qa3 25. Rd1 Qa4 26. Qd2 Kg8 27. Nxc5 Qc6 28. Qd8+ Bf8 29. Qd3 h5 30. Nxe6 Qxe6 31. Qd5 Rxc4 32. Qxe6 fxe6 33. f3 Ra4 34. Rd2 e5 35. Bc5 Kf7 36. a3 Ke8 37. Rb2 Bh6 38. Kf2 Rc4 39. Rb8+ Kf7 40. Bb4 Rc2+ 41. Kf1 Be3 42. Rb7 Rf2+ 43. Kg1 Rxf3+ 44. Kh2 Rf4 45. Rxe7+ Kf6 46. Ra7 Bxa7 0-1


[Site "https://www.chess.com"]

[Event "Titled Tuesday Blitz June 8 2021"]
[White "Quintiliano Pinto, Renato R."]
[Black "Kukhmazov, Arsen"]
[WhiteFideId "2117568"]
[BlackFideId "24108260"]
[WhiteElo "2439"]
[BlackElo "2453"]
[Result "0-1"]
[Round "09"]
[TimeControl "180+1"]
[Date "2021.06.08"]
[WhiteClock "0:00:09"]
[BlackClock "0:00:06"]

1. Nf3 d5 2. e3 c6 3. c4 Nf6 4. Nc3 e6 5. d4 Nbd7 6. Be2 dxc4 7. a4 c5 8. O-O cxd4 9. exd4 Be7 10. Bxc4 O-O 11. a5 Nb8 12. d5 exd5 13. Nxd5 Nxd5 14. Bxd5 Nc6 15. a6 Qc7 16. Qc2 Bf6 17. Bg5 Rb8 18. Rfd1 Qe7 19. Bf4 Ra8 20. Bd6 Nb4 21. Qc5 Nxd5 22. Bxe7 Nxe7 23. Re1 Ng6 24. Qd5 Rb8 25. Nd4 bxa6 26. Nc6 Rb7 27. Rac1 Rd7 28. Qa5 Bb7 29. Qa4 Rd6 30. Na5 Ba8 31. Rcd1 Rb6 32. Nc4 Rb5 33. Qxa6 Rb4 34. Qxa7 Rxc4 35. Ra1 Rcc8 36. Qa6 Bxb2 37. Rab1 Bf6 38. Rec1 Rxc1+ 39. Rxc1 Bd5 40. Rc8 Be6 41. Rxf8+ Nxf8 42. g3 g6 43. Qa8 Kg7 44. Qa4 Nd7 45. Qa7 Ne5 46. f4 Nf3+ 47. Kg2 Nd4 48. Qa4 Bd5+ 49. Kh3 h5 50. g4 Be6 51. f5 gxf5 52. gxh5 f4+ 53. Kg2 f3+ 54. Kf2 Bg4 55. Qb4 Bxh5 56. Qd6 Bg6 57. Qf4 Bh5 58. h4 Bg6 59. Qg4 Kh7 60. h5 Bf5 61. Qf4 Kg7 62. Kf1 Kh7 63. Kf2 Bg7 64. Kf1 Bd3+ 65. Kf2 Be2 66. Qxf7 Bd3 67. Qf4 Bf5 68. h6 Bf6 69. Qc7+ Kxh6 70. Qf4+ Kg6 71. Qd6 Ne6 72. Qg3+ Ng5 73. Qd6 Ne4+ 0-1


[Site "https://www.chess.com"]

[Event "Titled Tuesday Blitz June 8 2021"]
[White "Samsonkin, Artiom"]
[Black "Lazavik, Denis"]
[WhiteFideId "13503111"]
[BlackFideId "13515110"]
[WhiteElo "2513"]
[BlackElo "2436"]
[Result "1-0"]
[Round "09"]
[TimeControl "180+1"]
[Date "2021.06.08"]
[WhiteClock "0:00:13"]
[BlackClock "0:00:06"]

1. e4 e5 2. Nf3 Nc6 3. d4 exd4 4. Bc4 Nf6 5. e5 d5 6. Bb5 Ne4 7. Nxd4 Bd7 8. Bxc6 bxc6 9. O-O Bc5 10. f3 Ng5 11. Be3 Bb6 12. f4 Ne4 13. Nd2 c5 14. N4f3 Nxd2 15. Qxd2 d4 16. Bf2 Bf5 17. a4 a5 18. Nh4 Qd7 19. Rae1 O-O 20. Nxf5 Qxf5 21. b3 Rad8 22. h3 c4 23. bxc4 d3 24. c5 dxc2 25. Qc3 Ba7 26. Qxa5 Bb8 27. Qb4 Ba7 28. Rc1 h5 29. Qc4 Rd2 30. Be3 Rd3 31. Qxc2 Qe4 32. Bf2 Rfd8 33. Rfe1 Qxf4 34. Qc4 Qg5 35. e6 fxe6 36. Qxe6+ Kh8 37. Qe5 Qg6 38. Qe6 Qg5 39. Qe5 Qg6 40. Rc4 c6 41. Rh4 R3d5 42. Qe6 Qxe6 43. Rxe6 Bxc5 44. Bxc5 Rxc5 45. Re1 Rd2 46. Ra1 Rg5 47. g4 g6 48. Kh1 Kg7 49. gxh5 Rgg2 50. Rg4 Rh2+ 51. Kg1 Rxh3 52. Rxg6+ Kh7 53. Rg2 Rd7 54. a5 Rxh5 55. a6 Ra7 56. Rb2 Rb5 57. Rxb5 cxb5 58. Kf2 Kg6 59. Ke3 Kf6 60. Kd4 Ke6 61. Kc5 Kd7 62. Kb6 Ra8 63. a7 b4 64. Kb7 Rh8 65. a8=Q Rxa8 66. Rxa8 Kd6 67. Ra1 Kc5 68. Ka6 b3 69. Ka5 Kc4 70. Ka4 b2 71. Rb1 Kc3 72. Ka3 Kc4 73. Rxb2 1-0


[Site "https://www.chess.com"]

[Event "Titled Tuesday Blitz June 8 2021"]
[White "Sarana, Alexey"]
[Black "Kazakouski, Valery"]
[WhiteFideId "24133795"]
[BlackFideId "13507443"]
[WhiteElo "2629"]
[BlackElo "2546"]
[Result "1-0"]
[Round "09"]
[TimeControl "180+1"]
[Date "2021.06.08"]
[WhiteClock "0:00:04"]
[BlackClock "0:00:02"]

1. e4 c5 2. Nf3 a6 3. c4 Nc6 4. d4 cxd4 5. Nxd4 e5 6. Nc2 Bc5 7. Be2 Nf6 8. Nc3 d6 9. Be3 Bxe3 10. Nxe3 Be6 11. O-O O-O 12. Ncd5 Bxd5 13. cxd5 Nb8 14. f3 Qb6 15. Qd2 Nbd7 16. Kh1 Rfc8 17. Rfc1 Ne8 18. Nf5 Kf8 19. a3 Nc5 20. Bd1 a5 21. Rc3 a4 22. Rac1 Qd8 23. Rc4 g6 24. Ne3 b5 25. R4c3 Qb6 26. Ng4 Rc7 27. Qh6+ Kg8 28. h4 Rac8 29. h5 Nd7 30. hxg6 hxg6 31. Be2 Rxc3 32. bxc3 Qc5 33. Rb1 Rb8 34. Qc1 Nef6 35. Nxf6+ Nxf6 36. g3 Qf2 37. Qe1 Qc5 38. Qc1 Qf2 39. Qe1 Qc5 40. Rb4 Kg7 41. Kg2 Qe3 42. c4 Rh8 43. cxb5 Nh5 44. b6 Nxg3 45. Kxg3 Qf4+ 46. Kf2 Rh2+ 47. Kg1 Rh3 48. Qf2 Qg5+ 49. Qg2 Rg3 50. Qxg3 Qxg3+ 51. Kf1 Qh3+ 52. Kf2 Qh4+ 53. Ke3 Qg5+ 54. Kd3 Qc1 55. b7 Qxa3+ 56. Kc4 Qc1+ 57. Kb5 Qc7 58. Kxa4 Qb8 59. Ba6 f5 60. Ka5 fxe4 61. Rxe4 Qd8+ 62. Kb5 Qd7+ 63. Kb6 Qd8+ 64. Kc6 Qb8 65. Rb4 Kf7 66. Rc4 Ke7 67. Kb5 Qe8+ 68. Kb6 Qd8+ 69. Rc7+ Kf6 70. Kc6 Qe8+ 71. Kxd6 Qb8 72. Kc6 e4 73. fxe4 Ke5 74. Rc8 Qd6+ 75. Kb5 Qd7+ 76. Ka5 Qd6 77. b8=Q 1-0


[Site "https://www.chess.com"]

[Event "Titled Tuesday Blitz June 8 2021"]
[White "Shahaliyev, Ismayil"]
[Black "Goltsev, Dmitry"]
[WhiteFideId "13406388"]
[BlackFideId "24176710"]
[WhiteElo "2105"]
[BlackElo "2366"]
[Result "0-1"]
[Round "09"]
[TimeControl "180+1"]
[Date "2021.06.08"]
[WhiteClock "0:00:03"]
[BlackClock "0:01:08"]

1. d4 Nf6 2. Nf3 e6 3. Bg5 d5 4. Nc3 c5 5. e4 Be7 6. Bb5+ Bd7 7. Bxf6 Bxf6 8. Bxd7+ Qxd7 9. exd5 exd5 10. Qe2+ Kd8 11. O-O-O cxd4 12. Nxd4 Nc6 13. Ndb5 d4 14. Ne4 Qe6 15. Kb1 a6 16. Nbd6 b5 17. Qf3 Kc7 18. Rhe1 Rad8 19. Nf5 Rhe8 20. Qg3+ Kb6 21. Nfd6 Be5 22. f4 Bxd6 23. Ng5 Qd5 0-1


[Site "https://www.chess.com"]

[Event "Titled Tuesday Blitz June 8 2021"]
[White "Svane, Rasmus"]
[Black "Vignesh, N R"]
[WhiteFideId "4657101"]
[BlackFideId "25012215"]
[WhiteElo "2669"]
[BlackElo "2401"]
[Result "1-0"]
[Round "09"]
[TimeControl "180+1"]
[Date "2021.06.08"]
[WhiteClock "0:00:13"]
[BlackClock "0:00:26"]

1. Nf3 Nf6 2. g3 b6 3. Bg2 Bb7 4. O-O c5 5. c4 e6 6. Nc3 Be7 7. d4 cxd4 8. Qxd4 O-O 9. Rd1 Nc6 10. Qf4 Qb8 11. b3 Rd8 12. Qxb8 Raxb8 13. Bf4 Rbc8 14. Bd6 Bxd6 15. Rxd6 Ne8 16. Rd2 Ne7 17. Nb5 a6 18. Nd6 Nxd6 19. Rxd6 Rc6 20. Rad1 Rxd6 21. Rxd6 Nc8 22. Rd1 Kf8 23. Ne5 Bxg2 24. Kxg2 Ke7 25. a4 a5 26. e4 f6 27. Nf3 Nd6 28. Re1 Nb7 29. Nd4 Nc5 30. Re3 g6 31. f4 e5 32. Nb5 Rc8 33. Nc3 Rc6 34. Nd5+ Ke8 35. Kf3 Kd8 36. h4 Ne6 37. Rd3 Nc7 38. Nxc7 Kxc7 39. Rd5 Rc5 40. Rxc5+ bxc5 41. fxe5 d6 42. exf6 Kd7 43. g4 h6 44. g5 h5 45. Kg3 Ke8 46. Kf4 Kd7 47. e5 Ke6 48. exd6 Kxd6 49. Ke4 Ke6 50. f7 Kxf7 51. Kd5 1-0


[Site "https://www.chess.com"]

[Event "Titled Tuesday Blitz June 8 2021"]
[White "Svidler, Peter"]
[Black "Sanal, Vahap"]
[WhiteFideId "4102142"]
[BlackFideId "6300545"]
[WhiteElo "2754"]
[BlackElo "2507"]
[Result "1-0"]
[Round "09"]
[TimeControl "180+1"]
[Date "2021.06.08"]
[WhiteClock "0:00:12"]
[BlackClock "0:00:01"]

1. e4 e5 2. Nf3 Nc6 3. Bb5 Nf6 4. d3 Bc5 5. c3 O-O 6. O-O d5 7. Qe2 dxe4 8. dxe4 Qe7 9. Nbd2 Bg4 10. h3 Bd7 11. b4 Bb6 12. Nc4 Nd4 13. cxd4 Bxb5 14. dxe5 Nd7 15. Bb2 Qxb4 16. Rfc1 Rfe8 17. a4 Ba6 18. Qd2 Qxd2 19. Nfxd2 Bc5 20. Nb3 Bf8 21. f4 Rad8 22. Ne3 Bd3 23. Rxc7 Bxe4 24. a5 Nb8 25. Rac1 Rd3 26. R1c3 Red8 27. Kf2 Nc6 28. a6 bxa6 29. Nc4 Rxc3 30. Bxc3 Rd3 31. Ncd2 Rxc3 32. Nxe4 Rxb3 33. Rxc6 a5 34. Ra6 Rb4 35. Kf3 a4 36. Rxa7 a3 37. Nd6 Rb3+ 38. Ke4 h5 39. Nxf7 a2 40. Nd6 Rb2 41. g4 h4 42. Kf5 Rf2 43. Ne4 Rc2 44. Ra8 Kh7 45. Ng5+ Kh6 46. Rxf8 g6+ 47. Kf6 Rc6+ 48. Ne6 Rxe6+ 49. Kxe6 a1=Q 50. Kf6 Qa6+ 51. e6 Qa1+ 52. Kf7 Qg7+ 53. Ke8 Qc7 54. g5+ Kg7 55. Rf7+ 1-0


[Site "https://www.chess.com"]

[Event "Titled Tuesday Blitz June 8 2021"]
[White "Tabatabaei, M. Amin"]
[Black "Nakamura, Hikaru"]
[WhiteFideId "12521213"]
[BlackFideId "2016192"]
[WhiteElo "2555"]
[BlackElo "2900"]
[Result "0-1"]
[Round "09"]
[TimeControl "180+1"]
[Date "2021.06.08"]
[WhiteClock "0:00:03"]
[BlackClock "0:00:17"]

1. d4 Nf6 2. Nf3 d5 3. Bf4 Bf5 4. e3 e6 5. Bd3 Bxd3 6. Qxd3 c5 7. O-O Nbd7 8. Nbd2 Be7 9. h3 O-O 10. c3 Qb6 11. Rab1 Rac8 12. Rfe1 Rfd8 13. g4 Bd6 14. Ne5 Qc7 15. Nxd7 Rxd7 16. Bxd6 Rxd6 17. f4 Ra6 18. g5 Ne8 19. dxc5 Qxc5 20. a3 Nd6 21. Qd4 Qc7 22. Nf3 Nc4 23. Nd2 Qb8 24. h4 Rb6 25. h5 e5 26. Qxd5 Rd6 27. Qxc4 Rxc4 28. Nxc4 Rd8 29. Nxe5 Qd6 30. Kf2 Qd2+ 31. Re2 Qd5 32. h6 gxh6 33. gxh6 Rd6 34. Rg1+ Kf8 35. Ree1 Qd2+ 36. Re2 Qd5 37. Ree1 Qe4 38. Nf3 Rxh6 39. Rg3 Rd6 40. Nd4 Rg6 41. Rxg6 fxg6 42. Nf3 h5 43. Re2 Ke7 44. Rd2 Qe6 45. Ne5 Qh3 46. Rd7+ Ke6 47. Rg7 Kf5 48. Rxg6 Ke4 49. Rg5 Qxe3+ 50. Kg2 Kxf4 0-1


[Site "https://www.chess.com"]

[Event "Titled Tuesday Blitz June 8 2021"]
[White "Terry, Renato"]
[Black "Abdusattorov, Nodirbek"]
[WhiteFideId "3803457"]
[BlackFideId "14204118"]
[WhiteElo "2581"]
[BlackElo "2662"]
[Result "0-1"]
[Round "09"]
[TimeControl "180+1"]
[Date "2021.06.08"]
[WhiteClock "0:00:02"]
[BlackClock "0:00:18"]

1. d4 Nf6 2. Bg5 c5 3. Bxf6 gxf6 4. d5 f5 5. c4 Bg7 6. Nc3 d6 7. e3 Nd7 8. Qc2 Ne5 9. Nh3 Bd7 10. Nf4 Qa5 11. Nh5 Bh6 12. Be2 a6 13. a4 b5 14. b3 bxc4 15. bxc4 Rb8 16. O-O O-O 17. f4 Ng6 18. Bd3 Bg7 19. Nxg7 Kxg7 20. Ne2 e6 21. Ng3 Kh8 22. Rfb1 Rbe8 23. Qb2+ f6 24. dxe6 Bxe6 25. Bxf5 Bxc4 26. Ne4 Qd8 27. Rd1 d5 28. Nxc5 Qe7 29. Ne6 Rg8 30. Kh1 Nh4 31. Bh3 Nxg2 32. Qd4 Be2 33. Rg1 Nh4 34. Rg3 Bf3+ 35. Kg1 Be4 36. Kf2 Nf5 37. Bxf5 Bxf5 38. Nc5 Qf7 39. Rag1 Rxg3 40. Rxg3 Rf8 41. Rg1 Qh5 42. Rg2 Bg6 43. Kg1 Qf5 44. Qd2 Rb8 45. Kf2 Qb1 46. Qd4 Rb2+ 47. Kg3 Qe1+ 48. Kh3 Bf5+ 49. Rg4 Qf1+ 50. Kh4 Rxh2+ 0-1


[Site "https://www.chess.com"]

[Event "Titled Tuesday Blitz June 8 2021"]
[White "Visakh N R"]
[Black "Quparadze, Giga"]
[WhiteFideId "25012223"]
[BlackFideId "13602250"]
[WhiteElo "2428"]
[BlackElo "2658"]
[Result "0-1"]
[Round "09"]
[TimeControl "180+1"]
[Date "2021.06.08"]
[WhiteClock "0:00:29"]
[BlackClock "0:01:15"]

1. e4 c5 2. Nf3 Nc6 3. d4 cxd4 4. Nxd4 Qc7 5. Nc3 e6 6. Be2 a6 7. O-O Nf6 8. Be3 Bb4 9. Nxc6 bxc6 10. Qd3 d5 11. exd5 cxd5 12. Nb5 Qb8 13. Nd4 Bd6 14. g3 O-O 15. Qb3 Qc7 16. c4 e5 17. c5 Be7 18. Nf3 d4 19. Bg5 Rb8 20. Qc2 h6 21. Bxf6 Bxf6 22. Nd2 Bb7 23. Bd3 a5 24. Rac1 Bd5 25. b3 Bg5 26. Rce1 a4 27. bxa4 Bxd2 28. Qxd2 Bf3 29. Be2 Ba8 30. f4 Qxc5 31. Bf3 Bxf3 32. Rxf3 Qd5 33. Qe2 exf4 34. Rxf4 d3 35. Qf2 Rfd8 36. Qd2 Rbc8 37. Rf2 Rc2 38. Qe3 Rxf2 39. Qxf2 d2 40. Rd1 Qxa2 41. Qe3 Qc2 42. Qe2 g6 43. a5 Qc5+ 44. Kg2 Qxa5 45. h4 h5 46. Kh2 Qd5 47. Qf2 Qd3 48. Rf1 Qxf1 0-1


[Site "https://www.chess.com"]

[Event "Titled Tuesday Blitz June 8 2021"]
[White "Willow, Jonah B"]
[Black "Cunjalo, Faris"]
[WhiteFideId "438804"]
[BlackFideId "14410710"]
[WhiteElo "2261"]
[BlackElo "2234"]
[Result "0-1"]
[Round "09"]
[TimeControl "180+1"]
[Date "2021.06.08"]
[WhiteClock "0:00:03"]
[BlackClock "0:00:05"]

1. e3 d5 2. b3 c5 3. Bb2 Nc6 4. f4 Nf6 5. Nf3 g6 6. Bb5 Bd7 7. O-O Bg7 8. d3 O-O 9. Bxc6 Bxc6 10. Nbd2 b6 11. Ne5 Bb7 12. Ndf3 Rc8 13. Qe2 Ne8 14. Rad1 Nd6 15. h3 Qe8 16. Kh2 a5 17. a4 Rc7 18. Ba1 e6 19. c4 Re7 20. Ng4 f6 21. Qc2 Qb8 22. Rde1 Nf5 23. Kg1 h5 24. Ngh2 Ng3 25. Rf2 e5 26. fxe5 fxe5 27. Nh4 Rxf2 28. Qxf2 e4 29. Nxg6 Rf7 30. Nf4 h4 31. Bxg7 Kxg7 32. cxd5 exd3 33. Qb2+ Kh7 34. Qc3 Qe8 35. Qxd3+ Qe4 36. Qxe4+ Nxe4 37. Nf3 Rd7 38. Rd1 Ba6 39. Nxh4 c4 40. bxc4 Bxc4 41. Rd4 Nd6 42. e4 Re7 43. Ne6 Bb3 44. e5 Nf7 45. Nf5 Re8 46. Nc7 Rxe5 47. Ne3 Rxe3 48. d6 Nd8 49. d7 Kg7 50. Ne8+ Kf7 51. Nd6+ Ke6 52. Nc8 Re1+ 53. Kh2 Rd1 54. Re4+ Kxd7 55. Nxb6+ Kc6 56. Nc8 Nb7 57. Ne7+ Kc5 58. Nf5 Rd5 59. Ne3 Rd4 60. Re5+ Kb4 61. Re7 Nc5 62. Nf5 Rf4 63. Nd6 Kxa4 64. Kg3 Rd4 65. Nf5 Rd3+ 66. Kh2 Ka3 67. h4 a4 68. h5 Rd8 69. h6 Kb2 70. h7 a3 71. Rg7 a2 72. Ne7 a1=Q 73. Ng8 Rd1 74. h8=Q Rh1+ 75. Kg3 Rxh8 0-1


[Site "https://www.chess.com"]

[Event "Titled Tuesday Blitz June 8 2021"]
[White "Yanchenko, Roman"]
[Black "Vokhidov, Shamsiddin"]
[WhiteFideId "4137329"]
[BlackFideId "14204223"]
[WhiteElo "2514"]
[BlackElo "2572"]
[Result "1-0"]
[Round "09"]
[TimeControl "180+1"]
[Date "2021.06.08"]
[WhiteClock "0:00:18"]
[BlackClock "0:00:14"]

1. d4 Nf6 2. c4 e6 3. Nf3 b6 4. g3 Bb7 5. Bg2 Be7 6. O-O O-O 7. Nc3 Na6 8. Bg5 Ne4 9. Bxe7 Qxe7 10. Nxe4 Bxe4 11. Qd2 c5 12. Rfd1 Rfd8 13. b3 Rac8 14. dxc5 Qxc5 15. Qd6 Qxd6 16. Rxd6 Kf8 17. Rad1 Ke7 18. Ne5 Bxg2 19. Rxd7+ Rxd7 20. Rxd7+ Kf6 21. f4 Rc7 22. Rxc7 Nxc7 23. Kxg2 Ne8 24. Kf3 Nd6 25. e4 Nc8 26. Nc6 h5 27. b4 g5 28. e5+ Kf5 29. h3 gxf4 30. gxf4 Kg6 31. Ke4 f5+ 32. Kd4 Kf7 33. a4 Ke8 34. c5 Kd7 35. b5 Kc7 36. Kc4 Kd7 37. a5 bxa5 38. Nxa5 Ne7 39. b6 axb6 40. cxb6 Nd5 41. Kb5 Kc8 42. Ka6 Kb8 43. Nc6+ Kc8 44. b7+ 1-0


[Site "https://www.chess.com"]

[Event "Titled Tuesday Blitz June 8 2021"]
[White "Yilmaz, Mustafa"]
[Black "Narayanan.S.L"]
[WhiteFideId "6302718"]
[BlackFideId "5058422"]
[WhiteElo "2518"]
[BlackElo "2617"]
[Result "0-1"]
[Round "09"]
[TimeControl "180+1"]
[Date "2021.06.08"]
[WhiteClock "0:00:02"]
[BlackClock "0:00:23"]

1. d4 e6 2. c4 f5 3. a3 Nf6 4. Nc3 b6 5. Bf4 Bb7 6. e3 g6 7. h3 Bg7 8. Nf3 O-O 9. Be2 d6 10. O-O Nbd7 11. b4 h6 12. Bh2 g5 13. c5 bxc5 14. bxc5 dxc5 15. Qb3 Bd5 16. Nxd5 Nxd5 17. Rac1 cxd4 18. Nxd4 Bxd4 19. exd4 Qf6 20. Bb5 N7b6 21. Be5 Qe7 22. Rfe1 Rf7 23. Qf3 Kh7 24. Rc6 Rd8 25. Bd3 Qd7 26. Qh5 Rdf8 27. Rc5 Nc8 28. Bb5 Qe7 29. Bc4 Ncb6 30. Bd3 Nd7 31. Rc6 Nxe5 32. Rxe5 Nf4 33. Qf3 Qd7 34. Rc4 Rb8 35. g3 Nxd3 36. Qxd3 Rb6 37. Qc2 Rd6 38. Rec5 Rxd4 39. Rxc7 Rd1+ 40. Kh2 Qd5 41. Rxf7+ Kg6 42. f3 Rd2+ 0-1


[Site "https://www.chess.com"]

[Event "Titled Tuesday Blitz June 8 2021"]
[White "Zierk, Steven"]
[Black "Wagner, Dennis"]
[WhiteFideId "2034255"]
[BlackFideId "24650684"]
[WhiteElo "2502"]
[BlackElo "2355"]
[Result "0-1"]
[Round "09"]
[TimeControl "180+1"]
[Date "2021.06.08"]
[WhiteClock "0:00:57"]
[BlackClock "0:00:48"]

1. e4 c5 2. Nf3 d6 3. d4 cxd4 4. Nxd4 Nf6 5. f3 e6 6. c4 Be7 7. Nc3 O-O 8. Be2 Nc6 9. O-O Re8 10. Nc2 d5 11. cxd5 exd5 12. Nxd5 Nxd5 13. exd5 Bc5+ 14. Kh1 Ne7 15. Bc4 Nf5 16. Bf4 Qh4 17. g3 Nxg3+ 18. Bxg3 Qxc4 19. Rc1 Bh3 20. Re1 Rxe1+ 21. Qxe1 Qxd5 22. Qe2 h5 23. b3 Rd8 24. Ne3 Qg5 25. Bf2 Bg2+ 26. Nxg2 Qxc1+ 27. Be1 Bb4 28. h4 Bxe1 29. Nxe1 Rd1 30. Qe8+ Kh7 0-1


[Site "https://www.chess.com"]

[Event "Titled Tuesday Blitz June 8 2021"]
[White "Abdusattorov, Nodirbek"]
[Black "Kamsky, Gata"]
[WhiteFideId "14204118"]
[BlackFideId "2000024"]
[WhiteElo "2662"]
[BlackElo "2644"]
[Result "1/2-1/2"]
[Round "10"]
[TimeControl "180+1"]
[Date "2021.06.08"]
[WhiteClock "0:00:03"]
[BlackClock "0:00:08"]

1. e4 e5 2. Nf3 Nc6 3. Bc4 Nf6 4. Ng5 d5 5. exd5 Na5 6. Bb5+ Bd7 7. Bxd7+ Qxd7 8. Nc3 Nxd5 9. O-O Nc6 10. d3 Be7 11. Nf3 O-O 12. Re1 Nxc3 13. bxc3 Bd6 14. Nd2 Rae8 15. Qf3 b6 16. Nc4 Bc5 17. Be3 Bxe3 18. Rxe3 Re6 19. Rae1 Rfe8 20. Qg4 Qd5 21. f4 exf4 22. Qxf4 Rxe3 23. Rxe3 Rxe3 24. Nxe3 Qe5 25. Qxe5 Nxe5 26. Nd5 c6 27. Ne3 g6 28. d4 Nd7 29. c4 Kf8 30. Kf2 Ke7 31. g4 Kd6 32. Kf3 f6 33. h4 c5 34. c3 Nb8 35. Ke4 Nc6 36. Nd5 Ke6 37. Nc7+ Kd7 38. Nd5 Ke6 39. h5 f5+ 40. gxf5+ gxf5+ 41. Ke3 Na5 42. Kd3 h6 43. a4 Nb7 44. Nc7+ Kd7 45. Nd5 Nd6 46. Ne3 Ke6 47. Nd5 Ne4 48. Ke3 Nd6 49. Kd3 Ne4 50. Nc7+ Kd7 51. Nd5 Kd6 52. Nf4 Nf2+ 53. Ke2 Ne4 54. Kd3 Nf2+ 55. Ke3 Ne4 56. Ne2 Ke6 57. Nf4+ Kd6 58. Ne2 Ke6 59. Kf4 Nd6 60. Ng3 Kf6 61. a5 cxd4 62. axb6 axb6 63. cxd4 Nxc4 64. Nxf5 b5 65. Nxh6 b4 66. Ng4+ Kf7 67. Ke4 b3 68. Kd3 b2 69. Kc2 Kg7 70. Ne5 Nd6 71. Kxb2 Kh6 72. Kc3 Nb5+ 73. Kb4 Nxd4 74. Kc4 Nf5 75. Nf7+ Kxh5 1/2-1/2


[Site "https://www.chess.com"]